 Dungeon Crawl Stone Soup version 0.18-a0-1202-g796ae12 (webtiles) character file.

17381 dvd the Protected (level 12, 0/106 HPs)
             Began as a Minotaur Gladiator on Jan 31, 2016.
             Was an Elder of Okawaru.
             Slain by a yak (6 damage)
             ... on level 3 of the Lair of Beasts.
             The game lasted 01:10:59 (16299 turns).

dvd the Protected (Minotaur Gladiator)             Turns: 16299, Time: 01:11:00

Health: 0/106      AC: 17    Str: 23    XL:     12   Next: 18%
Magic:  12/12      EV: 12    Int:  5    God:    Okawaru [****..]
Gold:   536        SH:  0    Dex: 15    Spells: 0 memorised, 11 levels left

rFire  . . .     SeeInvis .     j - +2 spear (venom)
rCold  . . .     Gourm    .     H - +0 chain mail
rNeg   . . .     Faith    .     (no shield)
rPois  .         Spirit   .     y - +2 hat
rElec  .         Dismiss  .     u - +0 cloak of the Original Sin {Dex+2}
rCorr  .         Reflect  .     (no gloves)
SustAt .         Harm     .     C - +0 pair of boots
MR     .....                    (no amulet)
Stlth  ..........               (no ring)
                                (no ring)

@: lethally poisoned (0 -> -1), not resistant to hostile enchantments, extremely
unstealthy
A: retaliatory headbutt, horns 2
a: Heroism, Renounce Religion


You were on level 3 of the Lair of Beasts.
You worshipped Okawaru.
Okawaru was greatly pleased with you.
You were not hungry.

You visited 3 branches of the dungeon, and saw 14 of its levels.
You also visited: Ossuary.

You collected 536 gold pieces.

Inventory:

Hand Weapons
 a - a +3 falchion
 b - a +0 greatsling
 c - a +0 longbow
 j - a +2 spear of venom (weapon)
 o - a +0 mace of protection
 G - a +3 trident
 I - a +3 flail
 Y - a +0 short sword of freezing
Missiles
 d - 6 throwing nets
 e - 8 sling bullets of frost
 s - 9 steel sling bullets
 J - 12 exploding sling bullets
 K - 136 arrows
 M - a tomahawk
 R - a poisoned arrow
 S - a poisoned javelin (quivered)
 V - 65 sling bullets
 Z - 3 arrows of frost
Armour
 p - a +0 buckler
 u - the +0 cloak of the Original Sin (worn) {Dex+2}
   (You found it on level 2 of the Lair of Beasts)

   It affects your dexterity (+2).
 y - a +2 hat (worn)
 C - a +0 pair of boots (worn)
 F - a +0 plate armour
 H - a +0 chain mail (worn)
 Q - a +0 cloak
 U - a +2 robe of magic resistance
Rods
 w - a +0 rod of destruction (14/14)
   (You found it on level 2 of the Lair of Beasts)
Wands
 q - a wand of slowing (25/48)
 r - a wand of fireball (9/15)
 x - a wand of flame (17/48)
 A - a wand of fireball (10/15)
 D - a wand of random effects (33/48)
 N - a wand of polymorph (10/24)
 T - a wand of digging (10/24)
 W - a wand of polymorph (14/24)
Scrolls
 h - 4 scrolls of blinking
 i - 4 scrolls of enchant weapon
 k - a scroll of enchant armour
 t - 3 scrolls of remove curse
 v - 4 scrolls of recharging
 z - 6 scrolls of identify
 P - 2 scrolls of fog
Potions
 m - a potion of brilliance
 B - a potion of flight
 L - 3 potions of resistance
 O - a potion of heal wounds
 X - a potion of cure mutation
Comestibles
 f - 11 bread rations
 g - 51 fruits
 l - 8 meat rations
 n - a slice of pizza


   Skills:
 + Level 10.2 Fighting
 + Level 10.0 Long Blades
 + Level 1.7 Polearms
 + Level 7.3(8.1) Slings
 + Level 8.9 Bows
 + Level 4.4(6.2) Throwing
 + Level 11.7 Armour
 + Level 7.6 Dodging
 + Level 0.8 Shields
 + Level 2.0 Invocations
 + Level 0.5 Evocations


You had 11 spell levels left.
You didn't know any spells.

Dungeon Overview and Level Annotations

Branches:
Dungeon (10/15)            Temple (1/1) D:6            Lair (3/8) D:9
    Orc (0/2) D:9
  Swamp: Lair:3-6    Shoals: Lair:3-6     Snake: Lair:3-6    Spider: Lair:3-6

Altars:
Ashenzari
Cheibriados
Dithmenos
Elyvilon
Fedhas
Gozag
Kikubaaqudgha
Makhleb
Nemelex Xobeh
Okawaru
Pakellas
Qazlal
Ru
Sif Muna
Trog
Vehumet
Xom
Yredelemnul
Zin
The Shining One
Beogh

Shops:
D:10 (


Innate Abilities, Weirdness & Mutations

You reflexively headbutt those who attack you in melee.
You have a pair of horns on your head.


Message History

The yak is lightly wounded.
The yak gores you!
* * * LOW HITPOINT WARNING * * *
You feel sick.
You feel sick.
There is an open door here.
You feel sick.
You feel sick. The yak closely misses you.
There is a stone staircase leading down here.
You feel like a meek peon again. The yak closely misses you.
You climb downwards.
There is a stone staircase leading up here.
You hit the yak.
The yak looks even sicker.
The yak is heavily wounded.
You feel sick. The yak gores you but does no damage.
You hit the yak but do no damage. You headbutt the yak, but do no damage.
The yak is heavily wounded.
The yak gores you.
You die...

.........
#........
#........
###........
##..........
##.......P.#
##P..Y....#
#..P..@..#
.....#...##
#.. #..## .
..## ...
#..# ...
#..#


You could see a yak.

Vanquished Creatures
  A centaur warrior (D:8)
  4 hill giants (D:10)
  A griffon (Lair:2)
  2 black mambas (Lair:2)
  A gargoyle (D:10)
  2 spiny frogs (Lair:2)
  A centaur skeleton (D:10)
  3 komodo dragons (Lair:2)
  3 trolls
  The ghost of slayr the Changer, a novice VSTm of Cheibriados (Ossuary)
  A blink frog (Lair:1)
  Prince Ribbit (D:5)
  5 yaks (D:10)
  A hungry ghost (D:8)
  2 basilisks
  A steam dragon (D:10)
  8 wolves
  2 hippogriffs
  6 water moccasins
  2 ice beasts (D:6)
  5 orc warriors
  2 wasps (D:10)
  A sky beast (D:10)
  An eye of draining (D:10)
  6 ogres
  2 phantoms
  4 centaurs
  3 crocodiles
  14 big kobolds
  6 giant frogs
  A wyvern zombie (D:9)
  4 scorpions
  2 wyvern skeletons
  A jelly (D:8)
  15 killer bees
  10 wights
  3 electric eels
  A crimson imp (D:8)
  3 giant frog zombies
  A quasit (D:9)
  3 centaur zombies (Ossuary)
  4 giant frog skeletons
  4 orc priests
  A gnoll shaman (D:8)
  12 hounds
  6 iguanas
  12 worker ants
  12 orc wizards
  2 hell rats (D:8)
  3 big kobold zombies (Ossuary)
  A hound zombie (D:5)
  A hound skeleton (D:10)
  4 mummies (Ossuary)
  Robin (D:2)
  A worker ant zombie (D:10)
  13 gnolls
  8 adders
  30 river rats
  4 shadow imps
  An ooze (D:6)
  An adder zombie (D:8)
  9 giant geckos
  34 orcs
  23 goblins
  20 hobgoblins
  10 jackals
  6 quokkas
  9 bats
  3 giant newts
  3 hobgoblin zombies (Ossuary)
  A jackal skeleton (D:6)
  34 kobolds
  2 quokka skeletons
  A quokka zombie (D:5)
  29 rats
  A fungus (Lair:2)
  A plant (Lair:2)
443 creatures vanquished.

Vanquished Creatures (others)
  7 fungi
  4 plants
11 creatures vanquished.

Grand Total: 454 creatures vanquished

Notes
Turn   | Place    | Note
--------------------------------------------------------------
     0 | D:1      | dvd the Minotaur Gladiator began the quest for the Orb.
     0 | D:1      | Reached XP level 1. HP: 18/18 MP: 0/0
   110 | D:1      | Reached skill level 4 in Long Blades
   116 | D:1      | Reached XP level 2. HP: 25/25 MP: 1/1
   949 | D:2      | Noticed Robin
   951 | D:2      | Reached XP level 3. HP: 21/30 MP: 2/2
  1277 | D:2      | Reached skill level 1 in Armour
  1280 | D:2      | Killed Robin
  1399 | D:2      | Found a shattered altar of Ashenzari.
  1740 | D:2      | Reached XP level 4. HP: 37/37 MP: 3/3
  2221 | D:3      | Found a white marble altar of Elyvilon.
  2447 | D:3      | Found an ancient bone altar of Kikubaaqudgha.
  2447 | D:3      | Found an oddly glowing altar of Pakellas.
  2532 | D:4      | Reached XP level 5. HP: 30/45 MP: 4/4
  2746 | D:4      | Reached skill level 1 in Slings
  2888 | D:4      | Reached XP level 6. HP: 39/52 MP: 5/5
  3295 | D:5      | Entered Level 5 of the Dungeon
  3342 | D:5      | Noticed Prince Ribbit
  3342 | D:5      | Found a sparkling altar of Nemelex Xobeh.
  3399 | D:5      | Reached skill level 5 in Dodging
  3871 | D:5      | Reached skill level 5 in Long Blades
  3871 | D:5      | Reached XP level 7. HP: 32/59 MP: 6/6
  3949 | D:5      | Killed Prince Ribbit
  3989 | D:5      | Reached skill level 5 in Fighting
  3989 | D:5      | Reached skill level 5 in Armour
  4276 | D:5      | Reached skill level 1 in Bows
  4666 | D:5      | Reached XP level 8. HP: 47/68 MP: 7/7
  5072 | D:6      | Found a staircase to the Ecumenical Temple.
  5081 | Temple   | Entered the Ecumenical Temple
  5355 | D:6      | Found a sand-covered staircase.
  5359 | Ossuary  | Entered an ossuary
  5393 | Ossuary  | Noticed slayr's ghost (novice VSTm)
  5404 | Ossuary  | Killed slayr's ghost
  5404 | Ossuary  | Reached skill level 6 in Dodging
  5827 | D:6      | Reached XP level 9. HP: 69/75 MP: 8/8
  6178 | D:6      | Reached skill level 5 in Bows
  6587 | D:6      | Reached skill level 5 in Slings
  6845 | D:6      | Gained mutation: Scrolls take you a little longer to read. [potion of mutation]
  6845 | D:6      | Gained mutation: You are dopey. (Int -2) [potion of mutation]
  6845 | D:6      | Gained mutation: You have large cloven feet. [potion of mutation]
  6853 | D:6      | Lost mutation: You have large cloven feet. [potion of cure mutation]
  6853 | D:6      | Lost mutation: You are dopey. (Int -2) [potion of cure mutation]
  6853 | D:6      | Lost mutation: Scrolls take you a little longer to read. [potion of cure mutation]
  7308 | D:7      | Reached skill level 7 in Armour
  8138 | D:8      | Found an iron altar of Okawaru.
  8150 | D:8      | Became a worshipper of Warmaster Okawaru
  8317 | D:8      | Reached XP level 10. HP: 70/86 MP: 9/9
  8437 | D:8      | Noticed a centaur warrior
  8466 | D:8      | Killed a centaur warrior
  8466 | D:8      | Reached * piety under Okawaru
  8466 | D:8      | Reached skill level 8 in Armour
  8936 | D:8      | Reached ** piety under Okawaru
  9804 | D:8      | Reached skill level 9 in Armour
 10255 | D:9      | Found a staircase to the Orcish Mines.
 10547 | D:8      | Reached *** piety under Okawaru
 11114 | D:9      | Found a shadowy altar of Dithmenos.
 11123 | D:9      | Found a staircase to the Lair.
 11202 | D:9      | Found a roughly hewn altar of Beogh.
 11228 | D:9      | Received a gift from Okawaru
 11228 | D:9      | Reached XP level 11. HP: 49/95 MP: 10/10
 11631 | D:10     | Entered Level 10 of the Dungeon
 11706 | D:10     | Reached skill level 10 in Armour
 11799 | D:10     | Noticed a hill giant
 11820 | D:10     | Killed a hill giant
 11909 | D:10     | Found a sparkling altar of Nemelex Xobeh.
 11957 | D:10     | Found Ama Vyll's Weapon Emporium.
 11972 | D:10     | Received a gift from Okawaru
 12143 | D:10     | Found a blossoming altar of Fedhas.
 12427 | D:10     | Reached skill level 1 in Polearms
 12920 | D:10     | Noticed a hill giant
 12944 | D:10     | Killed a hill giant
 12944 | D:10     | Reached **** piety under Okawaru
 12954 | D:10     | Received a gift from Okawaru
 13324 | D:10     | Noticed a hill giant
 13332 | D:10     | Killed a hill giant
 13332 | D:10     | Reached skill level 1 in Invocations
 13452 | D:10     | Noticed a hill giant
 13461 | D:10     | Killed a hill giant
 13810 | Lair:1   | Entered Level 1 of the Lair of Beasts
 13858 | Lair:1   | Reached skill level 11 in Armour
 13933 | Lair:1   | Noticed a seven-headed hydra
 14900 | Lair:2   | Noticed a griffon
 14927 | Lair:2   | Killed a griffon
 14936 | Lair:2   | HP: 3/99 [water moccasin (7)]
 14941 | Lair:2   | Reached XP level 12. HP: 24/106 MP: 12/12
 15381 | Lair:2   | Reached skill level 10 in Fighting
 15452 | Lair:2   | Received a gift from Okawaru
 16028 | Lair:2   | Got a jewelled cloak
 16039 | Lair:2   | Identified the +0 cloak of the Original Sin {Dex+2} (You found it on level 2 of the Lair of Beasts)
 16082 | Lair:2   | Identified a +0 rod of destruction (14/14) (You found it on level 2 of the Lair of Beasts)
 16107 | Lair:2   | Reached skill level 10 in Long Blades
 16299 | Lair:3   | Slain by a yak

Vault maps used:
D:1:      sevenhm_arrival_forest_fort_large_1
D:2:      ashenzari_altar_1, hangedman_abyss_or_decor_lesser_grid,
          patterned_corridor, uniq_robin
D:3:      elyvilon_altar_5, gammafunk_temple_overflow_wave, first_bread
D:4:      serial_aquarium, aquarium_bridge_square, aquarium_window_1,
          aquarium_window_2, aquarium_window_fake, aquarium_window_corner,
          aquarium_view_2d, aquarium_view_2c
D:5:      corexii_shantytown, nemelex_spade_bored_becter, uniq_prince_ribbit1
D:6:      minmay_temple_entry_crystal_x, lightli_ossuary_entry_decrepit_ruins,
          water_boxes_lemuel
D:8:      lemuel_ratsnest, okawaru_trees_1, special_room, blue_anna_alchemist,
          minmay_holes
D:9:      lemuel_crystal_altar, erik_lair_island, minmay_orc_entry_temple_small
D:10:     serial_shops, shop, basic_altar, fedhas_altar_fruit_tree
Temple:   chambers_temple_14
Lair:1:   grunt_megastairs_5
Lair:3:   st_stairs_6
Ossuary:  ossuary_the_hunt_dpeg

Action                   |  1- 3 |  4- 6 |  7- 9 | 10-12 || total
-------------------------+-------+-------+-------+-------++-------
Melee: Long sword        |    87 |   173 |   176 |       ||   436
       Dagger            |       |       |     2 |       ||     2
       Hand axe          |       |       |     9 |       ||     9
       Great sword       |       |       |     4 |       ||     4
       Falchion          |       |       |   107 |   500 ||   607
       Spear             |       |       |       |    99 ||    99
       Trident           |       |       |       |     4 ||     4
       Short sword       |       |       |       |    17 ||    17
 Fire: Hunting sling     |       |    35 |    49 |    66 ||   150
       Shortbow          |       |       |   104 |       ||   104
       Longbow           |       |       |       |   133 ||   133
       Greatsling        |       |       |       |    10 ||    10
Throw: Throwing net      |       |     4 |     4 |    12 ||    20
       Tomahawk          |       |     2 |     7 |     3 ||    12
       Javelin           |       |       |       |    25 ||    25
Invok: Heroism           |       |       |       |    11 ||    11
Evoke: Wand              |       |       |     2 |     2 ||     4
       Rod               |       |       |       |     1 ||     1
  Use: Potion            |     1 |     2 |    14 |    13 ||    30
       Scroll            |       |     7 |    10 |     5 ||    22
 Stab: Held in net/web   |       |     1 |     1 |       ||     2
  Eat: Chunk             |     3 |     6 |    10 |    14 ||    33
       Pizza             |       |       |     1 |     4 ||     5
       Meat ration       |       |       |     1 |     1 ||     2
       Fruit             |       |       |     1 |       ||     1
       Royal jelly       |       |       |       |     1 ||     1
